 Dungeon Crawl Stone Soup version 0.21-a0-404-g291f19a (webtiles) character file.

56 kaifei the Shield-Bearer (level 3, -2/35 HPs)
             Began as a Gnoll Fighter on Oct 30, 2017.
             Slain by an orc
             ... wielding a +2 mace of crushing
              (6 damage)
             ... on level 2 of the Dungeon.
             The game lasted 00:05:28 (814 turns).

kaifei the Shield-Bearer (Gnoll Fighter)             Turns: 814, Time: 00:05:29

Health: -2/35      AC:  7    Str: 19    XL:     3   Next: 97%
Magic:  4/4        EV:  8    Int: 10    God:
Gold:   79         SH:  0    Dex: 14    Spells: 4/4 levels left

rFire    . . .     SeeInvis .   a - +0 war axe
rCold    . . .     Gourm    .   c - +0 shield
rNeg     . . .     Faith    .   b - +0 scale mail
rPois    .         Spirit   .   (no helmet)
rElec    .         Reflect  .   (no cloak)
rCorr    .         Harm     .   (no gloves)
MR       .....                  (no boots)
Stlth    +.........             (no amulet)
HPRegen  0.11/turn              l - ring of stealth
MPRegen  0.09/turn              (no ring)

@: confused, lethally poisoned (-2 -> -27)
A: distributed training, fangs 1, strong nose
a: no special abilities


You were on level 2 of the Dungeon.
You were not hungry.

You visited 1 branch of the dungeon, and saw 2 of its levels.

You collected 79 gold pieces.

Inventory:

Hand Weapons
 a - a +0 war axe (weapon)
Missiles
 e - 70 stones (quivered)
Armour
 b - a +0 scale mail (worn)
 c - a +0 shield (worn)
Jewellery
 l - a ring of stealth (left hand)
Scrolls
 n - a scroll of identify {unknown}
Potions
 d - a potion of might
 g - 2 potions of agility {unknown}
 h - 3 potions of curing {unknown}
 i - a potion of mutation {unknown}
 m - a potion of magic {unknown}
Comestibles
 f - a bread ration
 j - a royal jelly
 k - 2 meat rations
 o - a chunk of flesh


   Skills:
 + Level 6.5 Fighting
 + Level 1.0 Short Blades
 + Level 1.0 Long Blades
 + Level 4.6 Axes
 + Level 1.0 Maces & Flails
 + Level 1.0 Polearms
 + Level 1.0 Staves
 + Level 1.0 Slings
 + Level 1.0 Bows
 + Level 1.0 Crossbows
 + Level 1.0 Throwing
 + Level 6.5 Armour
 + Level 1.0 Dodging
 + Level 1.0 Stealth
 + Level 6.5 Shields
 + Level 1.0 Unarmed Combat
 + Level 1.0 Spellcasting
 + Level 0.7 Conjurations
 + Level 0.7 Hexes
 + Level 0.7 Charms
 + Level 0.7 Summonings
 + Level 0.7 Necromancy
 + Level 0.7 Translocations
 + Level 0.7 Transmutations
 + Level 0.7 Fire Magic
 + Level 0.7 Ice Magic
 + Level 0.7 Air Magic
 + Level 0.7 Earth Magic
 + Level 0.7 Poison Magic
 + Level 1.0 Invocations
 + Level 1.0 Evocations


You had 4 spell levels left.
You didn't know any spells.

Dungeon Overview and Level Annotations

Branches:
Dungeon (2/15)

Altars:


Innate Abilities, Weirdness & Mutations

Your experience applies equally to all skills.
You have very sharp teeth.
Your uncanny sense of smell can sniff out nearby items.


Message History

You block the orc's attack. The orc completely misses you.
The orc wizard gestures at you while chanting.
You are confused.
You closely miss the orc. You barely miss the orc. You hit the orc wizard.
You feel sick. The orc closely misses you. The orc hits you but does no damage.
The orc wizard hits you but does no damage.
You are lethally poisoned!
You barely miss the orc. You bite the orc.
The orc is moderately wounded.
You hit the orc wizard. You hit the orc.
You feel sick.
The orc wizard gestures at you while chanting.
The magic dart hits you! The orc hits you but does no damage.
The orc closely misses you.
You bump into the rock wall.
You feel very sick. The orc wizard closely misses you.
The hobgoblin barely misses you. The orc hits you with a war axe!
* * * LOW HITPOINT WARNING * * *
The orc hits you with a mace of crushing.
You die...

# #.......... #.
#..........
##.##..<.......
...................
##.#...............
##.............o
#.gK...........
#goo..........o
#o@##.........o
##o##..oo....?.
#o####g### #†.#
#.#######
#.####†###........
#.................
#.................
#.................
..##..##...........


You could see an orc wizard, 4 orcs, a hobgoblin, a goblin and a kobold.

Vanquished Creatures
  2 oozes (D:1)
  A dart slug (D:1)
  5 leopard geckos
  2 ball pythons (D:1)
  4 bats (D:1)
  A giant cockroach (D:2)
  4 goblins
  A hobgoblin (D:2)
  4 jackals (D:1)
  6 kobolds (D:1)
  A frilled lizard (D:1)
  5 rats
36 creatures vanquished.

Notes
Turn   | Place    | Note
-------+----------+-------------------------------------------
     0 | D:1      | kaifei the Gnoll Fighter began the quest for the Orb.
     0 | D:1      | Reached XP level 1. HP: 23/23 MP: 1/1
    50 | D:1      | Reached XP level 2. HP: 27/29 MP: 2/2
   208 | D:1      | Reached XP level 3. HP: 35/35 MP: 3/3
   345 | D:1      | Reached skill level 1 in Invocations
   775 | D:2      | Reached skill level 1 in Short Blades
   775 | D:2      | Reached skill level 1 in Long Blades
   775 | D:2      | Reached skill level 1 in Maces & Flails
   775 | D:2      | Reached skill level 1 in Polearms
   775 | D:2      | Reached skill level 1 in Staves
   775 | D:2      | Reached skill level 1 in Slings
   775 | D:2      | Reached skill level 1 in Bows
   775 | D:2      | Reached skill level 1 in Crossbows
   775 | D:2      | Reached skill level 1 in Throwing
   775 | D:2      | Reached skill level 1 in Dodging
   775 | D:2      | Reached skill level 1 in Stealth
   775 | D:2      | Reached skill level 1 in Unarmed Combat
   775 | D:2      | Reached skill level 1 in Spellcasting
   775 | D:2      | Reached skill level 1 in Evocations
   814 | D:2      | Slain by an orc

Vault maps used:
D:1:      erik_arrival_gehennom
D:2:      first_bread, minmay_misc_feat_encased, st_stairs_6, uniq_sigmund

Skill      XL: |  1  2  3 |
---------------+----------+-----
Invocations    | 1 |  1.0
Short Blades   | 1 |  1.0
Long Blades    | 1 |  1.0
Maces & Flails | 1 |  1.0
Polearms       | 1 |  1.0
Staves         | 1 |  1.0
Slings         | 1 |  1.0
Bows           | 1 |  1.0
Crossbows      | 1 |  1.0
Throwing       | 1 |  1.0
Dodging        | 1 |  1.0
Stealth        | 1 |  1.0
Unarmed Combat | 1 |  1.0
Spellcasting   | 1 |  1.0
Evocations     | 1 |  1.0
Fighting       | |  6.5
Axes           | |  4.6
Armour         | |  6.5
Shields        | |  6.5
Conjurations   | |  0.7
Hexes          | |  0.7
Charms         | |  0.7
Summonings     | |  0.7
Necromancy     | |  0.7
Translocations | |  0.7
Transmutations | |  0.7
Fire Magic     | |  0.7
Ice Magic      | |  0.7
Air Magic      | |  0.7
Earth Magic    | |  0.7
Poison Magic   | |  0.7

Action                   || total
-------------------------++-------
Melee: War axe           ||    95
       Bite              ||     7
Armor: Scale mail        ||    49
Dodge: Dodged            ||    34
Block: Shield            ||    63

Table legend:
 A = Spawn XP
 B = Non-spawn XP
 C = Spawn XP percentage of total XP
 D = Spawn monster count
 E = Non-spawn monster count
 F = Spawn count percentage of total count
 G = Total turns spent on level
                    A         B        C        D         E        F      G
               +---------+---------+-------+---------+---------+-------+---------
         Total |       0 |      81 |   0.0 |       0 |      36 |   0.0 |   814
               +---------+---------+-------+---------+---------+-------+---------
           D:1 |       0 |      68 |   0.0 |       0 |      30 |   0.0 |   750
           D:2 |       0 |      13 |   0.0 |       0 |       6 |   0.0 |    64
               +---------+---------+-------+---------+---------+-------+---------
